 Dungeon Crawl Stone Soup version 0.30-a0-1161-g0704695555 (webtiles) character file.

Game seed: 17454364154688549980

30 funkygono the Covered (level 3, -1/33 HPs)
             Began as a Minotaur Fighter on Apr 27, 2023.
             Engulfed by a cloud of flame (10 damage)
             ... on level 1 of the Dungeon.
             The game lasted 00:01:04 (945 turns).

funkygono the Covered (Minotaur Fighter)             Turns: 945, Time: 00:01:04

Health: -1/33      AC:  8    Str: 22    XL:     3   Next: 3%
Magic:  2/2        EV:  9    Int:  5    God:
Gold:   67         SH:  4    Dex:  9    Spells: 2/2 levels left

rFire   . . .        a - +0 war axe
rCold   . . .        c - +0 buckler
rNeg    . . .        b - +0 scale mail
rPois   .            (helmet restricted)
rElec   .            (no cloak)
rCorr   .            (no gloves)
SInv    .            g - +0 pair of boots
Will    .....        (no amulet) Stlth
                     (no ring)
HPRegen 0.25/turn    (no ring)
MPRegen 0.08/turn

%: no passive effects
@: no status effects
A: horns 2, retaliatory headbutt
a: no special abilities


You were on level 1 of the Dungeon.
You visited 1 branch of the dungeon, and saw 1 of its levels.

You collected 67 gold pieces.

Inventory:

Hand Weapons
 a - a +0 war axe (weapon)
Armour
 b - a +0 scale mail (worn)
 c - a +0 buckler (worn)
 g - a +0 pair of boots (worn)
Scrolls
 h - a scroll of teleportation {unknown}
Potions
 d - a potion of might
 e - 2 potions of curing {unknown}
 f - a potion of haste {unknown}
 i - a potion of cancellation {unknown}
 j - 2 potions of ambrosia {unknown}


   Skills:
 + Level 4.0 Fighting
 + Level 2.8 Axes
 + Level 4.2 Armour
 + Level 4.0 Shields


You had 2 spell levels left.
You didn't know any spells.
Your spell library contained the following spells:

 Spells                   Type           Power      Damage    Failure   Level
 Apportation              Tloc           0%         N/A       86%         1
 Alistair's Intoxication  Tmut/Pois      0%         N/A       100%        5


Dungeon Overview and Level Annotations

Branches:
Dungeon (1/15)

Altars:


Innate Abilities, Weirdness & Mutations

You have a pair of horns on your head.
You reflexively headbutt those who attack you in melee.


Message History

The frilled lizard hisses angrily.
The frilled lizard moves out of view.
A frilled lizard, a kobold and a hobgoblin come into view.
The hobgoblin shouts!
The kobold throws a stone.
The stone closely misses you.
The frilled lizard bites you but does no damage.
You hit the frilled lizard.
You kill the frilled lizard!
The hobgoblin hits you but does no damage.
The kobold barely misses you.
You hit the kobold but do no damage. You hit the hobgoblin.
The kobold barely misses you.
The hobgoblin hits you but does no damage.
You barely miss the kobold. You completely miss the hobgoblin.
The hobgoblin barely misses you. You block the kobold's attack.
The kobold hits you with a +0 club. The hobgoblin barely misses you.
You miss the kobold. You hit the hobgoblin.
You kill the hobgoblin!
The kobold hits you with a +0 club.
You have reached level 3!
Your experience leads to an increase in your attributes!
Increase (S)trength, (I)ntelligence, or (D)exterity?
You feel stronger. x2
You slash the kobold!
You kill the kobold!
Things that are here:
a +0 club; 2 stones You see here a hobgoblin corpse.
Found a mace.
Really walk into a travel-excluded area? [Y]es or [N]o only, please.
Really walk into a travel-excluded area?
Really walk into that cloud of flame?
Okay, then.
Really walk into that cloud of flame?
You are engulfed in blazing flames.
You are engulfed in blazing flames.
* * * LOW HITPOINT WARNING * * *
You are engulfed in blazing flames.
You die...

.....#.# ..####.#
.....#.#
.......###########
#.##.####........##
..........#####...#
..##.###### #§§§#
..##.### #○○§#
.......# #○@☼#
..##.#.# #...#
#....#.# ....?..
#.#..#.#
§○§../:..○§
#.####.#
#..§°.$.?.°§..#
#....#.#
######...######
####.#.# #§.§#
####.#.# #.○.#
.......# °§☼#


There were no monsters in sight!

Vanquished Creatures
  A gnoll (D:1)
  A dart slug (D:1)
  4 bats (D:1)
  An endoplasm (D:1)
  2 goblins (D:1)
  A hobgoblin (D:1)
  2 ball pythons (D:1)
  2 frilled lizards (D:1)
  2 kobolds (D:1)
  2 rats (D:1)
18 creatures vanquished.

Notes
Turn   | Place    | Note
-------+----------+-------------------------------------------
     0 | D:1      | funkygono the Minotaur Fighter began the quest for the Orb.
     0 | D:1      | Reached XP level 1. HP: 19/19 MP: 0/0
   122 | D:1      | Reached XP level 2. HP: 4/27 MP: 1/1
   802 | D:1      | Reached XP level 3. HP: 29/33 MP: 2/2
   945 | D:1      | Engulfed by a cloud of flame

Illustrated notes

Levels and vault maps discovered:
D:1:      spicycebolla_arrival_clurvy, layout_basic, minmay_hedge_maze,
          lemuel_flame_loot_1

Skill      XL: |  1  2 |
---------------+-------+-----
Armour         | 4 |  4.2
Fighting       | 4 |  4.0
Shields        | 4 |  4.0
Axes           | |  2.8

Action                     || total
---------------------------++-------
  Melee: War axe           ||    32
         Headbutt          ||     8
 Armour: Scale mail        ||    16
  Dodge: Dodged            ||    14
  Block: Buckler           ||     7

Table legend: (Time is in decaauts)
 A = Elapsed time spent in this place.
 B = Non-inter-level travel time spent in this place.
 C = Inter-level travel time spent in this place.
 D = Time resting spent in this place.
 E = Time spent auto-exploring this place.
 F = Levels seen in this place.
 G = Mean time per level.
                   A        B        C        D        E       F      G
               +--------+--------+--------+--------+--------+-----+--------+
         Total |    957 |    957 |      0 |      0 |    789 |   1 |  957.0 |
       Dungeon |    957 |    957 |      0 |      0 |    789 |   1 |  957.0 |
               +--------+--------+--------+--------+--------+-----+--------+

Top non-repeatable levels by time:
     D:1: 957 daAuts
